 Dungeon Crawl Stone Soup version 0.30.0-5-g1a98f26d00 (webtiles) character file.

Game seed: 16090699998332253653

134341 selver the Merfolkian Blade (level 17, -12/157 HPs)
             Began as a Merfolk Monk on May 6, 2023.
             Was an Initiate of Gozag.
             Killed by angry trees
             ... awakened by a spriggan druid
              (14 damage)
             ... on level 4 of the Swamp on May 9, 2023.
             The game lasted 01:57:34 (28222 turns).

selver the Merfolkian Blade (Merfolk Monk)         Turns: 28222, Time: 01:57:36

Health: -12/157    AC: 18    Str: 14    XL:     17   Next: 16%
Magic:  17/17      EV: 31    Int: 12    God:    Gozag
Gold:   1686       SH:  0    Dex: 28    Spells: 16/16 levels left

rFire   x . .        V - +9 triple sword (vamp)
rCold   . . .        (shield currently unavailable)
rNeg    . . .        Q - +2 ring mail of Charity {rF- Will+ Regen+ SInv Stlth+}
rPois   +            Y - +2 helmet {Int+3}
rElec   .            t - +2 cloak
rCorr   .            F - +2 pair of gloves
SInv    +            f - melded +2 pair of boots of the Equinox {rN+ Regen+}
Will    ++...        g - amulet of regeneration
Stlth   ++++         X - ring of poison resistance
HPRegen 2.06/turn    v - +6 ring of dexterity
MPRegen 0.15/turn

%: no passive effects
@: lethally poisoned (-12 -> -16), studying Fighting, very quick
A: nimble swimmer 2, mertail
a: Renounce Religion, Potion Petition, Call Merchant, Bribe Branch


You were on level 4 of the Swamp.
You worshipped Gozag.
Gozag was most pleased with you.
You visited 5 branches of the dungeon, and saw 26 of its levels.
You also visited: Ice Cave.

You collected 8680 gold pieces.
You spent 4348 gold pieces at shops.
You paid 2646 gold pieces to Gozag.

Inventory:

Hand Weapons
 b - a +2 scimitar of flaming
 H - the +2 dagger of Ancient Evil {freeze, rElec rF+ Dex+3}
   (You found it on level 4 of the Lair of Beasts)

   Dex:       It affects your dexterity (+3).
   rF:        It protects you from fire.
   rElec:     It insulates you from electricity.
 V - a +9 vampiric triple sword (weapon)
Armour
 d - a +2 chain mail of poison resistance
 f - the +2 pair of boots of the Equinox (melded) {rN+ Regen+}
   (You found it on level 13 of the Dungeon)

   rN:        It protects you from negative energy.
   Regen:     It increases your rate of health regeneration.
 t - a +2 cloak (worn)
 B - a scarf of resistance
 F - a +2 pair of gloves (worn)
 Q - the +2 ring mail of Charity (worn) {rF- Will+ Regen+ SInv Stlth+}
   (You found it on level 4 of the Lair of Beasts)

   rF:        It makes you vulnerable to fire.
   SInv:      It lets you see invisible.
   Regen:     It increases your rate of health regeneration.
   Will:      It increases your willpower.
   Stlth:     It makes you more stealthy.
 Y - a +2 helmet of intelligence (worn)
Jewellery
 a - a ring of willpower
 g - an amulet of regeneration (around neck)
 m - a +4 ring of slaying
 s - a ring of resist corrosion
 v - a +6 ring of dexterity (right hand)
 A - a +4 ring of protection
 G - an amulet of reflection
 O - a ring of protection from fire
 P - the ring of the Castellan {Ice *Slow Int+5 Dex+3 Slay+3}
   (You found it in an ice cave)

   [ring of ice]

   It enhances your ice magic.
   Int:       It affects your intelligence (+5).
   Dex:       It affects your dexterity (+3).
   Slay:      It affects your accuracy & damage with ranged weapons and melee
   (+3).
   rF:        It makes you vulnerable to fire.
   rC:        It protects you from cold.
   *Slow:     It may slow you when you take damage.
 R - the ring of Vefficocle {rC+ Str+2}
   (You found it in an ice cave)

   [ring of protection from cold]

   Str:       It affects your strength (+2).
   rC:        It protects you from cold.
 X - a ring of poison resistance (left hand)
Wands
 h - a wand of mindburst (18)
 l - a wand of flame (20)
 z - a wand of polymorph (11)
 J - a wand of quicksilver (1)
 K - a wand of iceblast (16)
 M - a wand of charming (19)
Scrolls
 i - 2 scrolls of brand weapon
 j - 9 scrolls of fear
 y - 4 scrolls of immolation
 C - 11 scrolls of identify
 E - 2 scrolls of poison
 L - 9 scrolls of teleportation
 N - 2 scrolls of summoning
 S - a scroll of fog
 U - a scroll of enchant weapon
 Z - 2 scrolls of enchant armour
Potions
 c - 3 potions of ambrosia
 k - a potion of resistance
 n - 6 potions of attraction
 o - a potion of might
 p - 11 potions of curing
 q - 4 potions of mutation
 r - 5 potions of haste
 w - 2 potions of heal wounds
 x - 2 potions of magic
 D - 3 potions of lignification
 I - 3 potions of flight
 W - a potion of berserk rage
Miscellaneous
 u - a lightning rod (4/4)
 T - a box of beasts


   Skills:
 + Level 20.6 Fighting
 - Level 22.0 Long Blades
 - Level 6.2 Armour
 - Level 15.8 Dodging
 - Level 8.3 Evocations


You had 16 spell levels left.
You didn't know any spells.
Your spell library contained the following spells:

 Spells                   Type           Power      Damage    Failure   Level
 Freeze                   Ice            0%         1d3       52%         1
 Magic Dart               Conj           0%         1d3       52%         1
 Sandblast                Erth           0%         2d4       52%         1
 Sting                    Tmut/Pois      0%         1d3       52%         1
 Summon Small Mammal      Summ           0%         N/A       52%         1
 Lesser Beckoning         Tloc           0%         N/A       67%         2
 Passwall                 Tmut/Erth      0%         N/A       67%         2
 Poisonous Vapours        Pois/Air       0%         N/A       67%         2
 Searing Ray              Conj           0%         2d4       67%         2
 Sublimation of Blood     Necr           0%         N/A       67%         2
 Confusing Touch          Hex            0%         N/A       88%         3
 Frozen Ramparts          Ice            0%         1d1       88%         3
 Gell's Gravitas          Tloc           0%         N/A       88%         3
 Hailstorm                Conj/Ice       0%         3d3       88%         3
 Ignite Poison            Fire/Tmut/Pois 0%         N/A       88%         3
 Ozocubu's Armour         Ice            0%         N/A       88%         3
 Stone Arrow              Conj/Erth      0%         3d7       88%         3
 Teleport Other           Tloc           0%         N/A       88%         3
 Vhi's Electric Charge    Tloc/Air       0%         N/A       88%         3
 Animate Armour           Summ/Erth      0%         N/A       99%         4
 Fulminant Prism          Conj/Hex       0%         3d5       99%         4
 Ice Form                 Ice/Tmut       0%         N/A       99%         4
 Olgreb's Toxic Radiance  Pois           0%         N/A       99%         4
 Petrify                  Tmut/Erth      0%         N/A       99%         4
 Sticky Flame             Conj/Fire      0%         2d3       99%         4
 Arcjolt                  Conj/Air       0%         1d10      100%        5
 Irradiate                Conj/Tmut      0%         3d11      100%        5
 Metabolic Englaciation   Hex/Ice        0%         N/A       100%        5
 Plasma Beam              Fire/Air       0%         2x1d11    100%        6
 Malign Gateway           Summ/Tloc      0%         N/A       100%        7
 Spellforged Servitor     Conj/Summ      0%         N/A       100%        7
 Ignition                 Fire           0%         3d3       100%        8
 Lehudib's Crystal Spear  Conj/Erth      0%         10d2      100%        8
 Simulacrum               Ice/Necr       Unusable   N/A       N/A         6

Dungeon Overview and Level Annotations

Branches:
Dungeon (14/15)            Temple (1/1) D:4            Lair (5/5) D:8
  Swamp (4/4) Lair:2       Spider (0/4) Lair:2        Slime (0/5) Lair:4
    Orc (2/2) D:9             Elf (0/3) Orc:2         IceCv (visited)
 Vaults: D:13-14

Altars:
Ashenzari
Cheibriados
Dithmenos
Elyvilon
Fedhas
Gozag
Hepliaklqana
Kikubaaqudgha
Makhleb
Nemelex Xobeh
Okawaru
Qazlal
Ru
Sif Muna
Trog
Uskayaw
Vehumet
Wu Jian
Xom
Yredelemnul
Zin
The Shining One
Jiyva

Shops:
D:1 (:?!   D:3 ?   D:8 [**   D:9 [*   D:10 ?   Orc:2 (:=(:   Lair:2 [

Annotations:
D:14 Azrael, Frances, Nessos
Lair:2 exclusion: oklob plant
Lair:4 1 runed translucent door


Innate Abilities, Weirdness & Mutations

You are very nimble when in or above water. (Stealth+, EV+, Speed+++)
Your lower body shifts to a powerful aquatic tail in water.


Message History

The spriggan druid hits you with a +0 quarterstaff.
The swamp dragon bites you. The swamp dragon claws you!
The swamp dragon barely misses you.
You fester in the toxic bog!
You partially resist.
You are more poisoned.
You feel very sick.
The fenstrider witch casts a spell at you.
The toxic sludge hits you!
You are more poisoned.
You partially resist.
* * * LOW HITPOINT WARNING * * *
The spriggan druid hits you but does no damage.
The swamp dragon bites you but does no damage.
The swamp dragon claws you.
* * * LOW HITPOINT WARNING * * *
The swamp dragon tramples you but does no damage.
The fenstrider witch points at you and mumbles some strange words.
Your body is wracked with pain!
* * * LOW HITPOINT WARNING * * *
You can move again.
As you read the scroll of fear, it crumbles to dust.
You assume a fearsome visage.
The spriggan druid easily resists.
The swamp dragon looks frightened!
The fenstrider witch looks frightened!
You fester in the toxic bog!
You partially resist.
You are more poisoned.
* * * LOW HITPOINT WARNING * * *
x2 You feel extremely sick.
The spriggan druid closely misses you.
The +2 pair of boots of the Equinox {rN+ Regen+} unmelds from your body.
* * * LOW HITPOINT WARNING * * *
You feel very sick.
The spriggan druid mumbles some strange words.
The forest starts to sway and rumble!
Your legs become a tail as you enter the water.
The +2 pair of boots of the Equinox {rN+ Regen+} melds into your body.
* * * LOW HITPOINT WARNING * * *
You feel very sick. Branches wave dangerously above you.
A root smacks you from below!
You die...
Your body crumbles into a pile of gold.

~.~~~~~§~.~~# #.......#
~.~~~§~...~.♣♣#.......# ~~~
.§~..^.~~~.~~~##.....# ~~..
~~~~~~~~.....§♣##...##♣..~.
~~~~~~§~.~~~....##.##.~~~.~
~~~~~~~..~...~~..D..~.^~§~~
$~~~~~♣♣♣♣♣♣♣H~...♣.♣.~...~~
~~~~♣ ♣..~i§~~.~~~.~~~ .~~.
♣♣♣♣♣♣♣@♣♣♣♣♣~.~~.♣.. ~.
♣...♣♣.~♣♣♣ ♣♣.~~♣♣ ♣
♣♣~)~)~~≈≈♣♣♣♣♣♣♣♣ ♣♣♣
♣♣♣~.~§~.♣≈≈≈≈♣ ♣♣.~ ♣♣♣
♣.~...§~♣≈≈≈≈≈♣ ♣~.~
♣§♣♣♣.~~.~[~≈≈≈≈≈≈♣♣♣♣ ♣♣.~
♣♣..~~....~~.♣≈≈≈≈≈♣.~♣♣♣♣♣♣~<~
♣~§§~..♣♣~~...♣≈≈≈♣~....~~♣♣..~
♣♣.~~~.~♣♣~.~~♣♣♣≈≈~~.~~.~♣♣♣~♣~


You could see a swamp dragon (fleeing), a fenstrider witch (fleeing) and a
spriggan druid.

Vanquished Creatures
  4 thorn hunters
  An azure jelly (IceCv)
  Louise (Swamp:4)
  An orc warlord (Orc:1)
  2 quicksilver oozes (IceCv)
  8 eleionomae
  6 bunyips
  A shambling mangrove (Swamp:2)
  Fannar (Orc:1)
  4 ghost crabs
  15 hydras
  Erica (Orc:1)
  A centaur warrior (D:13)
  3 boulder beetles
  2 catoblepae (Lair:5)
  An anaconda (Lair:5)
  3 two-headed ogres
  2 tengu warriors (D:13)
  4 death yaks
  6 alligators
  A spriggan berserker (Swamp:2)
  5 orc high priests (Orc:2)
  8 spriggans
  Sonja (Orc:1)
  2 skysharks (Lair:5)
  4 goliath frogs
  8 skeletal warriors
  6 spriggan druids
  7 swamp dragons
  5 orc knights
  7 bog bodies
  2 orc sorcerers
  3 lindwurms (Lair:5)
  3 will-o-the-wisps
  3 manticores
  A cyclops (D:11)
  11 elephants
  Maurice (Orc:1)
  4 black mambas
  2 ice statues (IceCv)
  13 cane toads
  A torpor snail (Lair:2)
  6 komodo dragons
  13 rime drakes
  2 unseen horrors
  An efreet (D:13)
  11 polar bears
  3 trolls
  A bloated husk (Swamp:1)
  8 tyrant leeches
  12 hornets
  Grinder (D:3)
  Prince Ribbit (D:7)
  17 blink frogs
  12 dream sheep (Lair:5)
  A raiju (Lair:5)
  2 jumping spiders (Lair:2)
  14 slime creatures (IceCv)
  Sigmund (D:6)
  A culicivora (Lair:2)
  23 yaks
  A wraith (D:9)
  A centaur simulacrum (D:13)
  11 wyverns
  6 basilisks
  A redback (Lair:2)
  2 death yak simulacra (D:13)
  2 steam dragons
  10 wargs
  13 swamp worms
  13 vampire mosquitoes
  19 hell hounds
  17 water moccasins
  An acid dragon (D:13)
  23 orc warriors
  A sky beast (D:6)
  5 great orb of eyes simulacra (IceCv)
  10 swamp drakes
  4 ice beasts
  27 wolves
  12 black bears
  8 ogres
  7 centaurs
  2 slime creature simulacra (IceCv)
  2 phantoms (D:6)
  4 kobold brigands
  10 bullfrogs
  3 scorpions
  2 two-headed ogre simulacra (D:13)
  9 glowing shapeshifter simulacra (IceCv)
  6 killer bees (D:4)
  14 howler monkeys
  2 electric eels
  A jelly (D:7)
  28 orc priests
  A hound (D:5)
  Crazy Yiuf (D:2)
  Jessica (D:2)
  4 iguanas
  2 sleepcaps
  28 orc wizards
  11 hell rats (Lair:4)
  3 shapeshifter simulacra (IceCv)
  A spriggan simulacrum (D:13)
  A troll simulacrum (D:13)
  A gnoll (D:5)
  8 adders
  2 naga simulacra (D:13)
  A shadow imp (D:6)
  4 white imps (D:13)
  4 ufetubi
  2 worms
  4 dart slugs
  82 orcs
  4 ball pythons
  4 endoplasms
  A giant cockroach (D:3)
  6 goblins
  4 hobgoblins
  11 jackals
  21 kobolds
  2 quokkas
  2 bats
  6 frilled lizards
  3 rats
797 creatures vanquished.

Vanquished Creatures (others)
  3 bloated husks
  A swamp worm (Swamp:1)
  A hell rat (Lair:5)
  3 orcs
  12 foxfires
20 creatures vanquished.

Grand Total: 817 creatures vanquished

Notes
Turn   | Place    | Note
-------+----------+-------------------------------------------
     0 | D:1      | selver the Merfolk Monk began the quest for the Orb.
     0 | D:1      | Reached XP level 1. HP: 18/18 MP: 1/1
    60 | D:1      | Found Pecueh's Weapon Shoppe.
    73 | D:1      | Reached skill level 4 in Long Blades
    97 | D:1      | Reached XP level 2. HP: 24/24 MP: 2/2
   175 | D:1      | Found Idesim's Book Shop.
   205 | D:1      | Found Kycruru's Magic Scroll Shoppe.
   292 | D:1      | Found Aduelell's Magic Scroll Emporium.
   306 | D:1      | Bought a scroll of identify for 20 gold pieces
   306 | D:1      | Bought a scroll of fear for 40 gold pieces
   359 | D:1      | Found Miawyamy's Distillery.
   877 | D:2      | Reached skill level 5 in Long Blades
   877 | D:2      | Reached XP level 3. HP: 24/29 MP: 3/3
   999 | D:2      | Found an ancient bone altar of Kikubaaqudgha.
  1060 | D:2      | Noticed Jessica
  1088 | D:2      | Killed Jessica
  1089 | D:2      | Reached XP level 4. HP: 28/35 MP: 4/4
  1091 | D:2      | Reached skill level 6 in Long Blades
  1311 | D:2      | Found a runed translucent door.
  1312 | D:2      | Noticed Crazy Yiuf
  1321 | D:2      | Killed Crazy Yiuf
  1576 | D:3      | Found a faded altar of an unknown god.
  1676 | D:3      | Found Ziexzive's Magic Scroll Shop.
  1681 | D:3      | Reached XP level 5. HP: 41/41 MP: 5/5
  1759 | D:1      | Bought a scroll of blinking for 75 gold pieces
  1759 | D:1      | Bought a scroll of identify for 20 gold pieces
  2190 | D:3      | Noticed Grinder
  2202 | D:3      | Killed Grinder
  2203 | D:3      | Reached skill level 8 in Long Blades
  2203 | D:3      | Reached XP level 6. HP: 36/47 MP: 6/6
  2441 | D:4      | Reached skill level 9 in Long Blades
  2441 | D:4      | Reached XP level 7. HP: 35/52 MP: 7/7
  2563 | D:4      | Reached skill level 10 in Long Blades
  2733 | D:4      | Identified the +0 ring mail "Lamoud" {Harm Drain Regen+
                  | Stlth+}
  3077 | D:4      | Found a staircase to the Ecumenical Temple.
  3086 | Temple   | Entered the Ecumenical Temple
  3105 | Temple   | Became a worshipper of Gozag Ym Sagoz the Greedy
  3873 | D:5      | Entered Level 5 of the Dungeon
  3927 | D:5      | Identified the +0 leather armour of the Furies {rElec Will-
                  | MP+9}
  3936 | D:5      | Reached skill level 11 in Long Blades
  3936 | D:5      | Reached XP level 8. HP: 58/58 MP: 8/8
  4156 | D:5      | Found a basalt altar of Yredelemnul.
  4170 | D:5      | Found a snail-covered altar of Cheibriados.
  4245 | D:5      | Reached skill level 12 in Long Blades
  4454 | D:5      | Found a bloodstained altar of Trog.
  4468 | D:5      | Found a glowing golden altar of the Shining One.
  4747 | D:5      | Identified a scroll of acquirement
  4747 | D:5      | Acquired a +0 great sword of holy wrath
  4849 | D:1      | Bought a potion of heal wounds for 65 gold pieces
  4849 | D:1      | Bought a potion of mutation for 104 gold pieces
  4849 | D:1      | Bought a potion of haste for 130 gold pieces
  4985 | D:6      | Noticed Sigmund
  4998 | D:6      | Killed Sigmund
  4999 | D:6      | Reached skill level 13 in Long Blades
  5102 | D:6      | Reached XP level 9. HP: 64/64 MP: 9/9
  5270 | D:1      | Bought a scroll of enchant armour for 75 gold pieces
  5270 | D:1      | Bought a scroll of enchant armour for 75 gold pieces
  5279 | D:1      | Bought a potion of curing for 39 gold pieces
  5500 | D:6      | Found a shimmering altar of Xom.
  5509 | D:6      | Reached skill level 14 in Long Blades
  5574 | D:6      | Found a hazy altar of Hepliaklqana.
  5702 | D:6      | Found a shimmering blue altar of Sif Muna.
  5707 | D:6      | Found a glowing silver altar of Zin.
  5710 | D:6      | Found a burning altar of Makhleb.
  5789 | D:7      | Reached skill level 5 in Fighting
  6288 | D:7      | Reached XP level 10. HP: 30/83 MP: 10/10
  6833 | D:7      | Noticed Prince Ribbit
  6848 | D:7      | Reached skill level 10 in Fighting
  6853 | D:7      | Killed Prince Ribbit
  7101 | D:8      | Found a staircase to the Lair.
  7139 | D:8      | Noticed a two-headed ogre
  7146 | D:8      | Killed a two-headed ogre
  7449 | D:8      | Found Wysip's Assorted Antiques.
  7996 | D:9      | Noticed an animated plate armour
  7997 | D:9      | Found Mosomer's Armour Emporium.
  7997 | D:9      | Noticed an animated gold dragon scales
  8064 | D:9      | Bought a scarf of resistance for 384 gold pieces
  8159 | D:9      | Found a white marble altar of Elyvilon.
  8236 | D:9      | Found Miak's Gadget Gallery.
  8325 | D:9      | Got the Atlas of Congregated Imprecation
  8429 | D:9      | Reached XP level 11. HP: 93/98 MP: 11/11
  8475 | D:9      | Found a staircase to the Orcish Mines.
  8855 | D:10     | Entered Level 10 of the Dungeon
  8907 | D:10     | Found a broken altar of Ashenzari.
  9216 | D:10     | Found a hide-covered altar of Uskayaw.
  9244 | D:10     | Identified the +9 war axe "Ydimmiapp" {heavy, rCorr Int-3
                  | Dex+4}
  9271 | D:10     | Found Warorph's Magic Scroll Emporium.
  9276 | D:10     | Bought a scroll of teleportation for 33 gold pieces
  9276 | D:10     | Bought a scroll of fear for 44 gold pieces
  9276 | D:10     | Bought a scroll of teleportation for 33 gold pieces
  9276 | D:10     | Bought a scroll of teleportation for 33 gold pieces
  9276 | D:10     | Bought a scroll of teleportation for 33 gold pieces
  9276 | D:10     | Bought a scroll of identify for 22 gold pieces
  9868 | Lair:1   | Entered Level 1 of the Lair of Beasts
  9890 | Lair:1   | Reached skill level 5 in Dodging
 11098 | Lair:2   | Noticed a bog body
 11286 | Lair:2   | Noticed a bog body
 11291 | Lair:2   | Killed a bog body
 11292 | Lair:2   | Reached skill level 10 in Dodging
 11295 | Lair:2   | Killed a bog body
 11296 | Lair:2   | Found a staircase to the Swamp.
 11604 | Lair:2   | Noticed an oklob plant
 11668 | Lair:2   | Reached XP level 12. HP: 101/107 MP: 12/12
 12290 | Lair:2   | Found a hole to the Spider Nest.
 13229 | Lair:3   | Found a hazy altar of Hepliaklqana.
 13730 | Lair:3   | Reached skill level 15 in Dodging
 13979 | Lair:4   | Found a runed translucent door.
 13980 | Lair:4   | Found a viscous altar of Jiyva.
 14108 | Lair:4   | Identified the +2 ring mail of Charity {rF- Will+ Regen+
                  | SInv Stlth+}
 14127 | Lair:4   | Noticed a boulder beetle
 14163 | Lair:4   | Killed a boulder beetle
 14362 | Lair:4   | Reached skill level 1 in Evocations
 14553 | Lair:4   | Identified the +2 dagger of Ancient Evil {freeze, rElec rF+
                  | Dex+3}
 14593 | Lair:4   | Reached XP level 13. HP: 113/113 MP: 13/13
 14602 | Lair:4   | Reached skill level 5 in Evocations
 14833 | Lair:4   | Found a staircase to the Slime Pits.
 14833 | Lair:4   | Noticed an azure jelly
 14834 | Lair:4   | Noticed an azure jelly
 15038 | D:8      | Bought a wand of mindburst (9) for 201 gold pieces
 15038 | D:8      | Bought a scroll of fog for 64 gold pieces
 15038 | D:8      | Bought a box of beasts for 640 gold pieces
 15038 | D:8      | Bought a scroll of summoning for 152 gold pieces
 15285 | Lair:5   | Entered Level 5 of the Lair of Beasts
 15620 | Lair:5   | Acquired a +6 vampiric triple sword
 15750 | Lair:5   | Reached skill level 15 in Fighting
 15919 | Lair:5   | Reached skill level 15 in Long Blades
 16339 | Lair:5   | Reached skill level 16 in Long Blades
 16346 | Lair:5   | Reached XP level 14. HP: 106/123 MP: 14/14
 16731 | Lair:5   | Reached skill level 17 in Long Blades
 17216 | Lair:5   | Reached skill level 18 in Long Blades
 17461 | Lair:5   | Identified the +0 gold dragon scales "Kacunlef" {rPois rF+
                  | rC+ rN+ Dex+4}
 17697 | Lair:5   | Reached skill level 19 in Long Blades
 18073 | D:9      | Bought a lightning rod (4/4) for 420 gold pieces
 18121 | Orc:1    | Entered Level 1 of the Orcish Mines
 18211 | Orc:2    | Entered Level 2 of the Orcish Mines
 18211 | Orc:2    | Found a staircase to the Elven Halls.
 18381 | Orc:1    | Noticed Fannar
 18382 | Orc:1    | Noticed Erica
 18385 | Orc:1    | Noticed an orc warlord
 18395 | Orc:1    | Killed Fannar
 18398 | Orc:1    | Killed Erica
 18406 | Orc:1    | Killed an orc warlord
 18773 | Orc:1    | Noticed Sonja
 18780 | Orc:1    | Noticed Maurice
 18790 | Orc:1    | Killed Sonja
 18804 | Orc:1    | Killed Maurice
 18805 | Orc:1    | Reached skill level 20 in Long Blades
 19040 | Orc:2    | Found Pir Beps's Weapon Boutique.
 19362 | Orc:2    | Reached XP level 15. HP: 127/129 MP: 15/15
 19514 | Orc:2    | Found Duegilib's Weapon Shop.
 19514 | Orc:2    | Found Sempat's Book Shop.
 19891 | Orc:2    | Found Behac's Jewellery Boutique.
 19894 | Orc:2    | Found Iruirrosai's Book Boutique.
 19949 | Orc:2    | Bought an amulet of reflection for 360 gold pieces
 19949 | Orc:2    | Bought an amulet of regeneration for 360 gold pieces
 20136 | D:10     | Upgraded the game from 0.30.0 to 0.30.0-5-g1a98f26d00
 20236 | D:11     | Reached skill level 21 in Long Blades
 21430 | D:13     | Found a frozen archway.
 21510 | IceCv    | Entered an ice cave
 22267 | IceCv    | Reached skill level 22 in Long Blades
 22417 | IceCv    | Reached skill level 1 in Armour
 22496 | IceCv    | Found a viscous altar of Jiyva.
 22496 | IceCv    | Noticed an azure jelly
 22589 | IceCv    | Killed an azure jelly
 22616 | IceCv    | Got the Excursus on the Crevasse
 22617 | IceCv    | Identified the ring of the Castellan {Ice *Slow Int+5 Dex+3
                  | Slay+3}
 22622 | IceCv    | Got the ring of Vefficocle {rC+ Str+2}
 22736 | D:13     | Identified the +2 pair of boots of the Equinox {rN+ Regen+}
 23609 | D:14     | Noticed Azrael
 23706 | D:14     | Identified the amulet of Ucuhet {Spirit Harm Str+3 Dex-5}
 23713 | D:14     | Noticed Frances
 23714 | D:14     | Noticed Nessos
 23925 | Lair:2   | Bought a crude cloak for 256 gold pieces
 23925 | Lair:2   | Identified the +1 cloak "Ynakkeu" {Rampage Int+5} (You
                  | bought it in a shop on level 2 of the Lair of Beasts)
 23929 | Lair:2   | Bought an ichor-stained ring mail for 243 gold pieces
 23929 | Lair:2   | Identified the +2 ring mail of Golden Salvation {rC- Str+6}
                  | (You bought it in a shop on level 2 of the Lair of Beasts)
 23987 | D:8      | Bought a +0 chain mail of poison resistance for 127 gold
                  | pieces
 24065 | Swamp:1  | Entered Level 1 of the Swamp
 24132 | Swamp:1  | Identified the +1 ring mail of Refuge {Will- Str+4}
 24237 | Swamp:1  | Identified the +3 chain mail "Ythu" {+Inv Regen+}
 24282 | Swamp:1  | Reached skill level 5 in Armour
 24327 | Swamp:1  | Noticed a thorn hunter
 24338 | Swamp:1  | Killed a thorn hunter
 24446 | Swamp:1  | Reached XP level 16. HP: 88/136 MP: 16/16
 24955 | Swamp:2  | Noticed a thorn hunter
 24958 | Swamp:2  | Noticed a thorn hunter
 24962 | Swamp:2  | Killed a thorn hunter
 24966 | Swamp:2  | Killed a thorn hunter
 26194 | Swamp:3  | Noticed a thorn hunter
 26219 | Swamp:3  | Killed a thorn hunter
 26548 | Swamp:4  | Entered Level 4 of the Swamp
 26845 | Swamp:4  | Acquired a manual of Fighting
 27063 | Swamp:4  | Reached XP level 17. HP: 112/153 MP: 17/17
 27405 | Swamp:4  | Noticed Louise
 27657 | Orc:2    | Bought a ring of willpower for 300 gold pieces
 27931 | Swamp:4  | Killed Louise
 28215 | Swamp:4  | Paralysed by a fenstrider witch for 4 turns
 28221 | Swamp:4  | HP: 6/157 [poison]
 28222 | Swamp:4  | HP: 2/157 [poison]
 28222 | Swamp:4  | Killed from afar by a spriggan druid

Illustrated notes

Levels and vault maps discovered:
D:1:      dpeg_arrival_three_same_balls, layout_basic, serial_shops,
          nicolae_shop_behind_doors, shop, nicolae_shop_real_fake_doors,
          nicolae_shop_waterfront, nicolae_shop_stone, minmay_fountain_box,
          st_stairs_6, minmay_misc_feat_chi, minmay_hexomino_c4
D:2:      layout_rooms, basic_altar, uniq_crazy_yiuf_cottage, uniq_jessica
D:3:      layout_loops_cross, shapermc_ecumenical_altar_flowoftime,
          serial_shops, shop, uniq_grinder
D:4:      layout_layer_cave, minmay_temple_entry_antechambers
D:5:      cheibrodos_helix_gallery, layout_basic,
          mainiacjoe_overflow_catwalk_spiral, nicolae_overflow_squiral,
          hex_medium
D:6:      layout_rooms, mainiacjoe_overflow_alcove_4,
          mainiacjoe_overflow_alcove_1, minmay_overflow_temple_star_quad,
          uniq_sigmund
D:7:      layout_gridville, uniq_prince_ribbit1
D:8:      layout_basic, lair_entry_dummy, serial_shops, nicolae_square_shop
D:9:      layout_roguey, mainiacjoe_overflow_surrounded_room, hiddenorc2_lemuel,
          serial_shops, nicolae_shop_mannequins, nicolae_shop_gadgets
D:10:     layout_basic, cheibrodos_ashenzari_chains, general_overflow_altar,
          serial_shops, nicolae_shop_peninsula, serial_bayou_ford_a, hive_lemuel
D:11:     layout_loops_ring
D:12:     layout_loops_ring, hangedman_decor_opposing
D:13:     layout_loops_ring, serial_ice, serial_ice_i, serial_ice_o,
          serial_ice_e, serial_ice_a, portal_ice_cave_entry_ice_simulacra,
          drop_trap
D:14:     layout_irregular_city, grunt_vaults_entry_fortified, led_sif_pool,
          uniq_nessos, uniq_azrael, uniq_frances, uniq_snorg
Temple:   hellmonk_temple_rainy
Lair:1:   layout_loops_ring, dreamdust_mushroom_princess, serial_bayou_shore_a,
          lemuel_fruit_fields
Lair:2:   layout_small_grid, skrybe_swamp_entry_bodies,
          spider_nest_entry_funnel_web, lemuel_oklob_altar, grunt_megastairs_2
Lair:3:   layout_regular_city, basic_altar
Lair:4:   layout_loops_ring, slime_entry_2, special_room
          [special_room_mythical_zoo]
Lair:5:   hangedman_lair_in_review, layout_regular_city,
          hangedman_lair_caniforms_friends, hangedman_lair_generics_rect
Swamp:1:  layout_basic_swamp, evilmike_swamp_ruin_house_5
Swamp:2:  nzn_winding_woodlands_three_and_one
          [nzn_winding_woodlands_5x15_river_crossing,
          nzn_winding_woodlands_5x15_sawtooth,
          nzn_winding_woodlands_5x15_pockets,
          nzn_winding_woodlands_center_lodge], layout_falls_marsh,
          evilmike_swamp_ruin_house_4, swamp_pool5,
          nicolae_swamp_feature_on_the_river_bank
Swamp:3:  layout_basic_swamp, evilmike_swamp_ruin_rubble_2,
          nicolae_swamp_very_dense_foliage
Swamp:4:  swamp, layout_basic_swamp, swamp_pool1, uniq_louise
Orc:1:    layout_caves, uniq_maurice, uniq_erica, uniq_sonja, uniq_fannar
Orc:2:    st_orc_mages, layout_diamond_mine, guppyfry_orc_lava_fort

Skill      XL: |  1  2  3  4  5  6  7  8  9 10 11 12 13 14 15 16 17 |
---------------+----------------------------------------------------+-----
Long Blades    | 4 5 6 8 9 11 13 14 16 20 22 | 22.0
Fighting       | 9 13 14 15 19 20 | 20.6
Dodging        | 11 15 | 15.8
Evocations     | 4 8 |  8.3
Armour         | 6 |  6.2

Action                     |  1- 3 |  4- 6 |  7- 9 | 10-12 | 13-15 | 16-18 || total
---------------------------+-------+-------+-------+-------+-------+-------++-------
  Melee: Falchion          |    69 |    68 |   307 |   759 |   721 |       ||  1924
         Tailslap          |       |       |     6 |     2 |    10 |    40 ||    58
         Dagger            |       |       |       |       |    50 |       ||    50
         Triple sword      |       |       |       |       |   606 |   307 ||   913
         Scimitar          |       |       |       |       |       |    51 ||    51
         Punch             |       |       |       |       |       |     4 ||     4
 Invoke: Call Merchant     |       |       |       |       |     3 |       ||     3
  Evoke: Wand              |       |       |       |     5 |    10 |       ||    15
         Lightning rod     |       |       |       |       |     4 |       ||     4
         Box of beasts     |       |       |       |       |     1 |       ||     1
    Use: Scroll            |     1 |     5 |    10 |     4 |    15 |     5 ||    40
         Potion            |       |       |     1 |     5 |     3 |     4 ||    13
   Stab: Distracted        |       |       |       |     2 |     7 |     5 ||    14
         Petrified         |       |       |       |       |     2 |       ||     2
         Sleeping          |       |       |       |       |     1 |     2 ||     3
 Armour: Ring mail         |    10 |    19 |    96 |   236 |   421 |    76 ||   858
         Chain mail        |       |       |       |       |    20 |    12 ||    32
  Dodge: Dodged            |    54 |    34 |   134 |   395 |  1145 |   367 ||  2129
